 Dungeon Crawl Stone Soup version 0.20.0-15-g7f486f2 (webtiles) character file.

93 Zhenya24pyc the Cudgeler (level 4, -9/28 HPs)
             Began as a Gargoyle Fighter on June 17, 2017.
             Killed by divine providence
             ... invoked by an orc priest
              (11 damage)
             ... on level 3 of the Dungeon.
             The game lasted 00:02:45 (1672 turns).

Zhenya24pyc the Cudgeler (Gargoyle Fighter)         Turns: 1672, Time: 00:02:46

Health: -9/28      AC: 10    Str: 20    XL:     4   Next: 61%
Magic:  4/4        EV:  7    Int:  9    God:
Gold:   137        SH:  9    Dex:  9    Spells: 3/3 levels left

rFire    . . .     SeeInvis .   a - +0 flail
rCold    . . .     Gourm    .   c - +0 shield
rNeg     + . .     Faith    .   b - +0 scale mail
rPois    ∞         Spirit   .   (no helmet)
rElec    +         Reflect  .   (no cloak)
rCorr    .         Harm     .   (no gloves)
MR       .....                  (no boots)
Stlth    ..........             (no amulet)
Regen    0.1/turn               (no ring)
MPRegen  0.1/turn               (no ring)

@: no status effects
A: negative energy resistance 1, electricity resistance, unbreathing,
petrification resistance, rot immunity, AC +3
a: no special abilities


You were on level 3 of the Dungeon.
You were very hungry.

You visited 1 branch of the dungeon, and saw 3 of its levels.

You collected 137 gold pieces.

Inventory:

Hand Weapons
 a - a +0 flail (weapon)
Armour
 b - a +0 scale mail (worn)
 c - a +0 shield (worn)
Jewellery
 h - a +2 ring of intelligence {unknown}
 u - an uncursed amulet of the gourmand {unknown}
Wands
 t - a wand of digging (15/24)
Scrolls
 e - 2 scrolls of teleportation {unknown}
 i - a scroll of blinking {unknown}
 j - a scroll of enchant weapon {unknown}
 n - 4 scrolls of amnesia {unknown}
 o - 2 scrolls of identify {unknown}
 p - a scroll of fog {unknown}
 q - a scroll of remove curse {unknown}
 r - a scroll of magic mapping {unknown}
Potions
 d - a potion of might
 g - a potion of degeneration {unknown}
 m - a potion of magic {unknown}
 s - a potion of agility {unknown}
 v - a potion of invisibility {unknown}
 w - a potion of resistance {unknown}
Comestibles
 f - 4 bread rations
 k - a royal jelly
 l - a meat ration


   Skills:
 - Level 3.2 Fighting
 * Level 4.6 Maces & Flails
 - Level 3.2 Armour
 - Level 3.2 Shields


You had 3 spell levels left.
You didn't know any spells.

Dungeon Overview and Level Annotations

Branches:
Dungeon (3/15)

Altars:


Innate Abilities, Weirdness & Mutations

You are resistant to torment.
Your stone body is resilient. (AC +3)
You are immune to poison.
You resist negative energy. (rN+)
You are resistant to electric shocks. (rElec)
You can survive without breathing.
You are immune to petrification.
You are immune to rotting.


Message History

You hit the orc priest.
The orc priest is severely wounded.
The orc priest barely misses you.
You closely miss the orc priest.
The orc priest is severely wounded.
The orc priest barely misses you.
You hit the orc priest but do no damage.
The orc priest is severely wounded.
The orc priest looks braver for a moment.
You closely miss the orc priest.
The orc priest is severely wounded.
The orc priest calls down the wrath of Beogh upon you.
Beogh smites you!
* * * LOW HITPOINT WARNING * * *
You block the orc priest's attack.
You closely miss the orc priest.
The orc priest is severely wounded.
The orc priest calls down the wrath of Beogh upon you.
Beogh smites you!
You die...

###########.#
#...o@......#
....
#.###########
...# #.#
##### .....
.o. #.#
...... ..#.#
o. #o#
....... #.#.#
#.##.#
....... #.#.#
#oo#o#
....... #.#.#
#.#o# ......
#.#.# #...#
......


You could see an orc priest.

Vanquished Creatures
  An adder (D:2)
  An ooze (D:2)
  2 worms (D:2)
  2 dart slugs (D:1)
  3 leopard geckos
  5 orcs (D:3)
  2 giant cockroaches (D:2)
  4 goblins
  7 hobgoblins
  6 jackals (D:2)
  5 kobolds
  3 quokkas
  8 bats
  3 frilled lizards
  5 rats
57 creatures vanquished.

Notes
Turn   | Place    | Note
-------+----------+-------------------------------------------
     0 | D:1      | Zhenya24pyc the Gargoyle Fighter began the quest for the Orb.
     0 | D:1      | Reached XP level 1. HP: 14/14 MP: 1/1
    51 | D:1      | Reached XP level 2. HP: 12/19 MP: 2/2
   283 | D:1      | Reached skill level 3 in Maces & Flails
   404 | D:1      | Reached XP level 3. HP: 12/23 MP: 3/3
   790 | D:2      | Reached skill level 4 in Maces & Flails
   985 | D:2      | Reached XP level 4. HP: 28/28 MP: 4/4
  1672 | D:3      | Killed from afar by an orc priest

Skill      XL: |  1  2  3 |
---------------+----------+-----
Maces & Flails | 3 4 |  4.6
Fighting       | |  3.2
Armour         | |  3.2
Shields        | |  3.2

Action                   |  1- 3 |  4- 6 || total
-------------------------+-------+-------++-------
Melee: Flail             |   210 |    69 ||   279
  Eat: Chunk             |       |     2 ||     2
Armor: Scale mail        |   148 |    26 ||   174
Dodge: Dodged            |    84 |    26 ||   110
Block: Shield            |   138 |    41 ||   179
